 Dungeon Crawl Stone Soup version 0.17.1-3-g152610e (webtiles) character file.

5805 Kokonut the Basher (level 10, -6/136 HPs)
             Began as a Minotaur Berserker on Mar 5, 2016.
             Was an Elder of Trog.
             Mangled by Erica
             ... wielding a +2 scimitar of flaming
              (8 damage)
             ... on level 8 of the Dungeon.
             The game lasted 00:27:16 (6657 turns).

Kokonut the Basher (Minotaur Berserker)             Turns: 6657, Time: 00:27:16

Health: -6/136     AC:  8    Str: 27    XL:     10   Next: 50%
Magic:  9/9        EV: 18    Int:  9    God:    Trog [****..]
Gold:   432        SH:  0    Dex: 13    Spells: 0 memorised, 9 levels left

rFire  . . .     SeeInvis .     J - +2 whip (elec)
rCold  . . .     Clarity  .     V - +2 robe {MR+}
rNeg   . . .     SustAt   .     (no shield)
rPois  .         Gourm    .     (helmet restricted)
rElec  .         Spirit   .     i - +2 cloak
rCorr  .         Warding  .     C - +0 pair of gloves
rMut   .         Stasis   .     (no boots)
MR     +++..                    (no amulet)
Stlth  ..........               I - ring of flight
                                p - ring of stealth

@: brilliant, berserking, lethally poisoned (-6 -> -7), regenerating, slowed,
extremely resistant to hostile enchantments, extremely unstealthy
A: retaliatory headbutt, horns 2
a: Berserk, Trog's Hand, Brothers in Arms, Burn Spellbooks, Renounce Religion,
Evoke Flight


You were on level 8 of the Dungeon.
You worshipped Trog.
Trog was greatly pleased with you.
You were not hungry.

You visited 2 branches of the dungeon, and saw 10 of its levels.

You collected 432 gold pieces.

Inventory:

Hand Weapons
 b - a +0 hand crossbow
 B - a +0 flail of holy wrath
 J - a +2 whip of electrocution (weapon)
 Q - a +0 morningstar
Missiles
 e - 7 bolts of penetration
 k - 331 stones (quivered)
 y - 36 bolts
Armour
 f - a +0 chain mail
 i - a +2 cloak (worn)
 C - a +0 pair of gloves (worn)
 K - a +2 robe of magic resistance
 V - a +2 robe of magic resistance (worn)
Jewellery
 p - a ring of stealth (left hand)
 w - an uncursed ring of stealth
 I - a ring of flight (right hand)
 U - an uncursed ring of magical power
Wands
 a - a wand of polymorph (10)
 E - a wand of confusion (13)
 F - a wand of lightning (6)
 L - a wand of teleportation (5)
 N - a wand of flame (24)
 R - a wand of flame (36)
 Y - a wand of flame (12)
Scrolls
 d - 6 scrolls of remove curse
 g - 5 scrolls of immolation {unknown}
 j - 3 scrolls of enchant armour {unknown}
 l - 2 scrolls of blinking {unknown}
 o - 4 scrolls of teleportation {unknown}
 r - 4 scrolls of fear {unknown}
 t - 2 scrolls of random uselessness {unknown}
 x - a scroll of recharging {unknown}
 A - a scroll of noise {unknown}
 H - 4 scrolls of identify {unknown}
 O - a scroll of amnesia {unknown}
 S - a scroll of enchant weapon {unknown}
Potions
 h - a potion of brilliance
 n - a potion of berserk rage
 q - a potion of haste {unknown}
 s - a potion of ambrosia {unknown}
 u - a potion of flight {unknown}
 v - 2 potions of heal wounds {unknown}
 z - a potion of might {unknown}
 D - a potion of lignification {unknown}
 M - 2 potions of magic {unknown}
 P - a potion of degeneration {unknown}
 X - a potion of cure mutation {unknown}
Comestibles
 c - 11 bread rations
 G - 2 fruits
 T - a meat ration


   Skills:
 - Level 9.2 Fighting
 - Level 12.1 Maces & Flails
 * Level 1.4 Crossbows
 + Level 2.7 Armour
 - Level 11.0 Dodging


You had 9 spell levels left.
You didn't know any spells.

Dungeon Overview and Level Annotations

Branches:
Dungeon (9/15)             Temple (1/1) D:6
   Lair: D:8-11         Orc: D:9-12

Altars:
Dithmenos
Elyvilon
Kikubaaqudgha
Makhleb
Okawaru
Sif Muna
Xom

Shops:
D:5 :

Annotations:
D:8 Erica


Innate Abilities, Weirdness & Mutations

You reflexively headbutt those who attack you in melee.
You have a pair of horns on your head.


Message History

* * * LOW HITPOINT WARNING * * *
You hit something. Your headbutt misses something.
You feel sick.
You barely miss something. Your headbutt misses something.
You feel sick. Something hits you!
* * * LOW HITPOINT WARNING * * *
Something burns you.
* * * LOW HITPOINT WARNING * * *
Drink which item? (? for menu, Esc to quit)
It was a potion of brilliance.
You feel clever all of a sudden.
You feel sick. Something hits you.
* * * LOW HITPOINT WARNING * * *
Something burns you.
* * * LOW HITPOINT WARNING * * *
Drink which item? (? for menu, Esc to quit)
It was a potion of berserk rage.
A red film seems to cover your vision as you go berserk!
You feel yourself moving faster!
You feel mighty!
You feel sick. Something hits you!
You die...

#.≈≈≈.8..8.≈≈≈.....#......
#..≈≈≈....≈≈≈.##.#<#.###..
##..≈≈≈)<≈≈≈..+...........
#.##≈≈≈≈≈≈...##.#.#.#.#..
#.###≈≈≈≈....##.#.....#..
#######.....#..##..#..#.....#..
#).........###>...........#.#..
#..........# #{##..####...#.#..
#..........# #@##...........#..
#..........# #.###[######..###.
#....^.....# #.# #.# #....#...
#..........###'###+## #.##...#.
#..........##.......# #........
####...######.......# #####..#.
#...# ###)......# #..#.
####...# #.........# #..#.
#......####.######.## ##.#.


There were no monsters in sight!

Vanquished Creatures
  Erolcha (D:8)
  An unseen horror (D:8)
  Pikel (D:7)
  Prince Ribbit (D:5)
  Sigmund (D:6)
  A spriggan (D:7)
  Menkaure (D:7)
  Duvessa (D:4)
  An orc warrior (D:7)
  2 phantoms (D:4)
  2 black bears
  3 ice beasts
  5 ogres
  2 sky beasts (D:7)
  A big kobold (D:8)
  2 giant frogs (D:7)
  Dowan (D:4)
  3 scorpions
  5 wights (D:7)
  3 electric eels (D:8)
  4 killer bees (D:7)
  5 crimson imps
  A giant frog zombie (D:8)
  3 hounds
  3 orc priests
  A quasit (D:5)
  A centaur zombie (D:8)
  A centaur skeleton (D:4)
  3 jellies
  5 worker ants
  2 giant frog skeletons
  5 iguanas
  4 orc wizards
  12 adders
  A worker ant zombie (D:7)
  An ooze (D:2)
  3 worms
  2 adder skeletons
  7 giant geckos
  23 orcs
  9 bats
  2 giant cockroaches
  2 goblins (D:2)
  3 hobgoblins
  5 jackals
  2 quokkas (D:4)
  A ball python (D:3)
  2 giant newts
  7 kobolds
  4 rats
162 creatures vanquished.

Vanquished Creatures (others)
  2 slaves (D:7)
  A quokka zombie (D:7)
3 creatures vanquished.

Grand Total: 165 creatures vanquished

Notes
Turn   | Place    | Note
--------------------------------------------------------------
     0 | D:1      | Kokonut the Minotaur Berserker began the quest for the Orb.
     0 | D:1      | Reached XP level 1. HP: 19/19 MP: 0/0
   135 | D:1      | Reached skill level 4 in Maces & Flails
   203 | D:3      | Reached XP level 2. HP: 15/26 MP: 1/1
   219 | D:2      | Reached skill level 5 in Maces & Flails
   523 | D:2      | Reached XP level 3. HP: 27/31 MP: 2/2
  1019 | D:3      | Reached ** piety under Trog
  1304 | D:2      | Reached XP level 4. HP: 39/39 MP: 3/3
  1430 | D:3      | Reached skill level 6 in Maces & Flails
  1754 | D:3      | Found a deep blue altar of Sif Muna.
  1845 | D:3      | Found a burning altar of Makhleb.
  1845 | D:3      | Noticed a crimson imp
  1859 | D:3      | Killed a crimson imp
  1859 | D:3      | Reached skill level 7 in Maces & Flails
  1859 | D:3      | Reached XP level 5. HP: 45/45 MP: 4/4
  2072 | D:5      | Entered Level 5 of the Dungeon
  2162 | D:4      | Reached skill level 8 in Maces & Flails
  2164 | D:4      | Noticed an ogre
  2174 | D:4      | Killed an ogre
  2174 | D:4      | Reached XP level 6. HP: 26/51 MP: 5/5
  2225 | D:4      | Noticed a phantom
  2421 | D:5      | Found Aratunef's Book Boutique.
  2471 | D:4      | Reached skill level 9 in Maces & Flails
  2504 | D:4      | Killed a phantom
  2841 | D:4      | Noticed Duvessa
  2841 | D:4      | Noticed Dowan
  2867 | D:4      | Killed Duvessa
  2867 | D:4      | Reached XP level 7. HP: 57/57 MP: 6/6
  2881 | D:4      | Killed Dowan
  2881 | D:4      | Reached *** piety under Trog
  2881 | D:4      | Reached skill level 10 in Maces & Flails
  2962 | D:4      | Noticed a phantom
  2975 | D:4      | Killed a phantom
  3134 | D:4      | Found a shadowy altar of Dithmenos.
  3135 | D:4      | Found a shimmering altar of Xom.
  3135 | D:4      | Found an ancient bone altar of Kikubaaqudgha.
  3142 | D:4      | Found an iron altar of Okawaru.
  3145 | D:4      | Found a deep blue altar of Sif Muna.
  3490 | D:5      | Noticed an ogre
  3499 | D:5      | Killed an ogre
  3529 | D:5      | Noticed Prince Ribbit
  3534 | D:5      | Killed Prince Ribbit
  3534 | D:5      | Reached skill level 5 in Fighting
  3534 | D:5      | Reached skill level 5 in Dodging
  3534 | D:5      | Reached XP level 8. HP: 36/68 MP: 7/7
  3536 | D:5      | Found a white marble altar of Elyvilon.
  4021 | D:6      | Found a staircase to the Ecumenical Temple.
  4030 | Temple   | Entered the Ecumenical Temple
  4055 | D:7      | Noticed Pikel
  4060 | D:7      | Killed Pikel
  4158 | D:6      | Noticed Sigmund
  4172 | D:6      | Killed Sigmund
  4172 | D:6      | Reached XP level 9. HP: 56/78 MP: 8/8
  4431 | D:7      | Noticed Menkaure
  4438 | D:7      | Killed Menkaure
  4523 | D:7      | Reached skill level 11 in Maces & Flails
  4595 | D:7      | Reached **** piety under Trog
  4598 | D:7      | Found a burning altar of Makhleb.
  4598 | D:7      | Noticed a blizzard demon
  4787 | D:8      | Killed an unseen horror
  5030 | D:7      | Reached XP level 10. HP: 66/90 MP: 9/9
  5062 | D:7      | Reached skill level 10 in Dodging
  5696 | D:8      | Noticed Erolcha
  5713 | D:8      | Killed Erolcha
  5713 | D:8      | Reached skill level 12 in Maces & Flails
  6582 | D:8      | Reached skill level 1 in Crossbows
  6628 | D:9      | Noticed Erica
  6656 | D:8      | HP: 3/91 [something (6)]
  6656 | D:8      | HP: 1/91 [something (2)]
  6657 | D:8      | Mangled by Erica

Action                   |  1- 3 |  4- 6 |  7- 9 | 10-12 || total
-------------------------+-------+-------+-------+-------++-------
Melee: Mace              |    58 |   102 |    53 |       ||   213
       Flail             |       |       |    67 |       ||    67
       Whip              |       |       |    88 |   141 ||   229
       Unarmed           |       |       |       |    13 ||    13
 Fire: Hand crossbow     |       |       |       |     5 ||     5
Throw: Stone             |       |    15 |       |       ||    15
Invok: Berserk           |     1 |     2 |     1 |     1 ||     5
       Burn Spellbooks   |       |       |     1 |       ||     1
       Trog's Hand       |       |       |       |     1 ||     1
 Abil: Evoke Flight      |       |       |       |     1 ||     1
  Use: Potion            |       |       |       |     2 ||     2
       Scroll            |       |       |       |     1 ||     1
  Eat: Chunk             |     2 |     4 |     6 |     5 ||    17
       Bread ration      |       |     1 |       |       ||     1
       Royal jelly       |       |       |       |     1 ||     1
